 Dungeon Crawl Stone Soup version 0.29.1-15-g9cfb28693d (webtiles) character file.

Game seed: 6664819824961288446

373 Haiku the Scratcher (level 6, -2/26 HPs)
             Began as a Felid Wanderer on Feb 28, 2023.
             Was a Believer of Nemelex Xobeh.
             Slain by a vampire (5 damage)
             ... on level 6 of the Dungeon.
             The game lasted 00:22:59 (4768 turns).

Haiku the Scratcher (Felid Wanderer)                Turns: 4768, Time: 00:22:59

Health: -2/26      AC:  4    Str: 10    XL:     6   Next: 43%
Magic:  1/10       EV: 18    Int: 10    God:    Nemelex Xobeh [**....]
Gold:   296        SH:  0    Dex: 21    Spells: 2/9 levels left
                                        Lives:  0   Deaths: 2

rFire   . . .      SeeInvis +     - Unarmed
rCold   . . .      Faith    .   (shield unavailable)
rNeg    . . .      Spirit   .   (body armour unavailable)
rPois   .          Reflect  .   (helmet unavailable)
rElec   .          Harm     .   (cloak unavailable)
rCorr   .          Rampage  .   (gloves unavailable)
Will    .....                   (boots unavailable)
Stlth   +.........              (no amulet)
HPRegen 0.08/turn               i - +4 ring of slaying
MPRegen 0.12/turn               l - ring of wizardry

@: confused, hasted, very quick
A: very small, claws 1, fangs 3, see invisible, speed 1, shaggy fur 2, stealthy
paws, no weapons or thrown items, no armour, multi-lived, iridescent scales 1,
agile 1
a: Renounce Religion, Draw Escape, Draw Destruction, Draw Summoning


You were on level 6 of the Dungeon.
You worshipped Nemelex Xobeh.
Nemelex Xobeh was pleased with you.
You visited 1 branch of the dungeon, and saw 6 of its levels.
You also visited: Sewer.

You collected 296 gold pieces.

Inventory:

Jewellery
 i - a +4 ring of slaying (left paw)
 j - a ring of fire
 l - a ring of wizardry (right paw)
Wands
 d - a wand of polymorph (1)
 p - a wand of flame (25)
Scrolls
 f - a scroll of immolation
 o - 2 scrolls of teleportation {unknown}
 q - a scroll of vulnerability {unknown}
 r - a scroll of magic mapping
Potions
 c - 2 potions of attraction
 h - 2 potions of degeneration
 k - a potion of flight


   Skills:
 * Level 2.1 Fighting
 * Level 2.7 Dodging
 * Level 3.8 Stealth
 * Level 6.4 Unarmed Combat
 * Level 2.3 Spellcasting
 * Level 1.5 Conjurations
 * Level 1.9 Transmutations
 * Level 1.4 Air Magic
 * Level 1.4 Poison Magic
 * Level 1.9 Invocations
 * Level 6.3 Evocations


You had 2 spell levels left.
You knew the following spells:

 Your Spells              Type           Power      Damage    Failure   Level
a - Static Discharge      Conj/Air       4%         3-4/arc   10%         2
b - Spider Form           Tmut/Pois      4%         N/A       17%         3
c - Wereblood             Tmut           5%         N/A       9%          2

Your spell library contained the following spells:

 Spells                   Type           Power      Damage    Failure   Level
 Beastly Appendage        Tmut           10%        N/A       6%          1
 Poisonous Vapours        Pois/Air       8%         N/A       11%         2
 Slow                     Hex            4%         N/A       12%         1
 Confusing Touch          Hex            1%         N/A       32%         3
 Vampiric Draining        Necr           1%         2d6       32%         3
 Corpse Rot               Necr/Pois/Air  3%         N/A       58%         4
 Lightning Bolt           Conj/Air       2%         1d13      85%         5
 Maxwell's Capacitive Co  Air            2%         ∞         100%        8


Dungeon Overview and Level Annotations

Branches:
Dungeon (6/15)             Temple (0/1) D:4           Sewer (visited)

Altars:
Nemelex Xobeh
Trog
Vehumet


Innate Abilities, Weirdness & Mutations

You have sharp claws.
You have razor-sharp teeth.
You have supernaturally acute eyesight. (SInv)
You cover ground quickly. (Speed+)
You are covered in thick fur. (AC +2)
Your paws help you pounce on unaware monsters.
You are incapable of wielding weapons or throwing items.
You cannot wear armour.
You gain extra lives every three experience levels.
You are partially covered in iridescent scales. (AC +2)
You are agile. (Dex +4, Str/Int -1)


Message History

The vampire is struck by an arc of lightning.
The vampire is moderately damaged.
You are struck by an arc of lightning.
The lightning grounds out.
The vampire completely misses you. The vampire bites you.
The vampire draws strength from your injuries!
Casting: Static Discharge (safe; 10% risk of failure)
Press: ? - help, Q - select action, (/) - cycle Dir - look around, f - activate The vampire is struck by an arc of lightning.
The vampire is moderately damaged.
You are struck by an arc of lightning.
The lightning grounds out.
The vampire hits you. The vampire closely misses you.
Casting: Static Discharge (safe; 10% risk of failure)
Press: ? - help, Q - select action, (/) - cycle Dir - look around, f - activate The vampire is struck by an arc of lightning.
The vampire is heavily damaged.
You are struck by an arc of lightning.
The vampire is struck by an arc of lightning.
The vampire is heavily damaged.
The lightning grounds out.
The vampire hits you. The vampire barely misses you.
Casting: Static Discharge (safe; 10% risk of failure)
Press: ? - help, Q - select action, (/) - cycle Dir - look around, f - activate You miscast Static Discharge.
You are very lightly contaminated with residual magic.
Nothing appears to happen.
The vampire barely misses you. The vampire closely misses you.
You feel yourself speed up. The vampire misses you.
The vampire closely misses you.
The vampire points at you and mumbles some strange words.
You are confused.
The vampire closely misses you. x2
You bump into the rock wall.
The vampire hits you!
* * * LOW HITPOINT WARNING * * *
The vampire barely misses you.
You bump into the rock wall.
Your magical contamination has completely faded away.
The gargoyle hurls a stone arrow at you.
The stone arrow misses you. The vampire hits you.
You die...
Your body glows slightly and disappears.

......# #.#
......#########.#
..............^.#
.....#|#.######.#
.....#.#.##.....#
.....#.#.##.....#
.....#.#..#.....###
.....#.##.#####...#
.....#.##.#....V@.#
.....#.##...#.##..#
######'###..#.##9##
..........#>#.##.#
####......#.#.##.#
#......#.#.##.#
########...#:.##
#)#.##..# #.#.##..#


You could see a vampire and a gargoyle.

Vanquished Creatures
  A water moccasin (Sewer)
  A black bear (D:5)
  An ogre (D:5)
  A centaur (D:6)
  A phantom (D:5)
  A scorpion (D:5)
  A howler monkey (D:6)
  Natasha (D:4)
  2 iguanas
  4 gnolls (D:3)
  5 adders
  2 river rats (D:4)
  4 worms
  2 dart slugs (D:1)
  8 orcs
  4 ball pythons
  6 bats
  4 endoplasms (D:1)
  2 giant cockroaches
  7 goblins
  8 hobgoblins
  8 jackals
  3 quokkas (D:3)
  3 frilled lizards
  6 kobolds
  20 rats
106 creatures vanquished.

Vanquished Creatures (collateral kills)
  Natasha (D:4)
  A ball python (D:4)
  An endoplasm (D:4)
3 creatures vanquished.

Vanquished Creatures (others)
  A plant (D:1)
1 creature vanquished.

Grand Total: 110 creatures vanquished

Notes
Turn   | Place    | Note
-------+----------+-------------------------------------------
     0 | D:1      | Haiku the Felid Wanderer began the quest for the Orb.
     0 | D:1      | Haiku set off with the following items: a potion of haste,
                  | a potion of heal wounds, a potion of attraction, a wand of
                  | polymorph (5), a potion of might.
     0 | D:1      | Reached XP level 1. HP: 7/7 MP: 2/2
   412 | D:1      | Reached XP level 2. HP: 9/12 MP: 3/3
   655 | D:2      | Reached XP level 3. HP: 12/15 MP: 4/4
   761 | D:3      | Found a faded altar of an unknown god.
   787 | D:3      | Prayed at the altar of an unknown god.
   787 | D:3      | Became a worshipper of Nemelex Xobeh the Trickster
   787 | D:3      | Reached * piety under Nemelex Xobeh
   830 | D:3      | Found a radiant altar of Vehumet.
   859 | D:3      | Found a bloodstained altar of Trog.
  1012 | D:3      | Received a gift from Nemelex Xobeh
  1337 | D:3      | Noticed Jessica
  1338 | D:3      | Noticed Jessica
  1338 | D:3      | Jessica changed into Jessica the rat
  1341 | D:3      | Killed Jessica the rat
  1386 | D:3      | Reached skill level 1 in Stealth
  1405 | D:3      | Reached skill level 1 in Fighting
  1435 | D:3      | Reached XP level 4. HP: 19/19 MP: 6/6
  1444 | D:3      | Reached skill level 1 in Spellcasting
  1567 | D:3      | Reached skill level 1 in Dodging
  2143 | D:2      | Reached ** piety under Nemelex Xobeh
  2156 | D:2      | Learned a level 2 spell: Static Discharge
  2226 | D:2      | Learned a level 3 spell: Spider Form
  2529 | D:1      | Reached XP level 5. HP: 9/22 MP: 0/7
  3407 | D:4      | Noticed Natasha
  3411 | D:4      | Killed Natasha
  3414 | D:4      | Noticed Natasha
  3423 | D:4      | Killed Natasha
  3433 | D:4      | Found a glowing drain.
  3442 | D:4      | Gained mutation: You are covered in thick fur. (AC +2)
                  | [Felid growth]
  3442 | D:4      | Reached XP level 6. HP: 15/25 MP: 5/9
  3453 | Sewer    | Entered a sewer
  3633 | Sewer    | Noticed a water moccasin
  3638 | Sewer    | Gained mutation: You are agile. (Dex +4, Str/Int -1)
                  | [potion of mutation]
  3638 | Sewer    | Gained mutation: You are partially covered in iridescent
                  | scales. (AC +2) [potion of mutation]
  3644 | Sewer    | Killed a water moccasin
  3645 | Sewer    | Reached skill level 1 in Transmutations
  3645 | Sewer    | Reached skill level 1 in Invocations
  4016 | D:5      | Entered Level 5 of the Dungeon
  4028 | D:5      | Mangled by an ogre
  4029 | D:5      | Reached XP level 5. HP: -13/22 MP: 4/8
  4032 | D:5      | Killed an ogre
  4033 | D:5      | Reached skill level 1 in Conjurations
  4033 | D:5      | Reached skill level 1 in Air Magic
  4033 | D:5      | Reached XP level 6. HP: 26/26 MP: 9/9
  4112 | D:5      | Reached skill level 1 in Poison Magic
  4282 | D:5      | Learned a level 2 spell: Wereblood
  4417 | D:5      | Reached XP level 7. HP: 12/30 MP: 1/11
  4544 | D:6      | Noticed a gargoyle
  4549 | D:6      | Noticed a vampire
  4552 | D:6      | HP: 1/30 [vampire (9)]
  4608 | D:6      | Killed from afar by an orc priest
  4609 | D:6      | Reached XP level 6. HP: -4/26 MP: 10/10
  4768 | D:6      | Slain by a vampire

Illustrated notes

Levels and vault maps discovered:
D:1:      eino_arrival_druids_welcome, layout_loops_ring
D:2:      layout_basic, minmay_rat_gold_closets
D:3:      layout_loops_cross, jmf_multi_god_temple,
          ebering_ecumenical_altar_webs, dk_noncrumbling_4, uniq_jessica
D:4:      layout_gridville, minmay_temple_entry_poolview, portal_sewer_entry_b,
          uniq_sigmund, uniq_natasha
D:5:      layout_cave_pods
D:6:      layout_basic, hex_tiny, minmay_manual_monolith

Skill      XL: |  1  2  3  4  5  6 |
---------------+-------------------+-----
Stealth        | 1 2 3 |  3.8
Fighting       | 1 2 |  2.1
Spellcasting   | 1 2 |  2.3
Dodging        | 1 2 |  2.7
Evocations     | 6 |  6.3
Unarmed Combat | 6 |  6.4
Transmutations | 1 |  1.9
Invocations    | 1 |  1.9
Conjurations   | 1 |  1.5
Air Magic      | 1 |  1.4
Poison Magic   | 1 |  1.4

Action                   |  1- 3 |  4- 6 |  7- 9 || total
-------------------------+-------+-------+-------++-------
Melee: Unarmed           |    66 |    85 |     2 ||   153
       Bite              |     2 |     6 |       ||     8
       Punch             |     1 |     2 |       ||     3
 Cast: Static Discharge  |       |    31 |       ||    31
       Spider Form       |       |     4 |       ||     4
       Wereblood         |       |     1 |       ||     1
Invok: Draw Destruction  |       |     2 |       ||     2
       Draw Summoning    |       |     1 |       ||     1
       Draw Escape       |       |     1 |       ||     1
Evoke: Wand              |     5 |     7 |     3 ||    15
  Use: Potion            |     2 |     9 |     2 ||    13
       Scroll            |     2 |     3 |     2 ||     7
 Stab: Sleeping          |     3 |     6 |     1 ||    10
Armor: Skin              |     6 |     9 |       ||    15
Dodge: Dodged            |    42 |   105 |     4 ||   151
